 Dungeon Crawl Stone Soup version 0.31.0-1-g2c135a0 (webtiles) character file.

Game seed: 13145689700892393609

16603 jagoly the Cleaver (level 12, 79/79 HPs)
             Began as a Gargoyle Monk on Feb 3, 2024.
             Was an Elder of the Shining One.
             Quit the game on level 12 of the Dungeon.
             The game lasted 01:06:04 (7186 turns).

jagoly the Cleaver (Gargoyle Monk)                  Turns: 7186, Time: 01:06:04

Health: 79/79      AC: 28    Str: 19    XL:     12   Next: 39%
Magic:  13/13      EV: 23    Int: 12    God:    the Shining One [****..]
Gold:   712        SH:  0    Dex: 18    Spells: 11/11 levels left

rFire   x . .        a - +3 war axe
rCold   + . .        d - orb {light}
rNeg    + + +        g - +0 plate armour
rPois   ∞            (no helmet)
rElec   +            (no cloak)
rCorr   .            j - +0 pair of gloves
SInv    .            E - +2 pair of boots
Will    .....        O - amulet of the acrobat Stlth
                     H - ring of ice
HPRegen 0.33/turn    r - +6 ring of dexterity
MPRegen 0.13/turn

%: acrobat
@: acrobatic, glowing
A: sickness immunity, AC +8, negative energy resistance 1, electricity
resistance, torment resistance 1, petrification resistance
a: Renounce Religion, Divine Shield, Cleansing Flame


You were on level 12 of the Dungeon.
You worshipped the Shining One.
The Shining One was greatly pleased with you.
You visited 2 branches of the dungeon, and saw 14 of its levels.

You collected 782 gold pieces.
You spent 70 gold pieces at shops.

Inventory:

Hand Weapons
 a - a +3 war axe (weapon)
 b - a +2 sling of electrocution
 y - a +2 whip of venom
 K - a +0 morningstar
 N - a +0 trident
Missiles
 e - 6 atropa-tipped darts
 i - 82 stones (quivered)
 n - 19 boomerangs
 v - a throwing net
 x - 19 poisoned darts
 S - 7 javelins
Armour
 d - an orb of light (worn)
 g - a +0 plate armour (worn)
 j - a +0 pair of gloves (worn)
 E - a +2 pair of boots (worn)
Jewellery
 r - a +6 ring of dexterity (right hand)
 s - a ring of protection from fire
 C - a ring of fire
 H - a ring of ice (left hand)
 O - an amulet of the acrobat (around neck)
Wands
 A - a wand of quicksilver (12)
 I - a wand of polymorph (3)
 J - a wand of charming (15)
 Q - a wand of flame (1)
Scrolls
 l - 2 scrolls of amnesia
 m - 3 scrolls of summoning
 q - 2 scrolls of teleportation
 t - 3 scrolls of vulnerability
 w - 4 scrolls of immolation
 F - 2 scrolls of fear
 L - a scroll of silence {unknown}
 M - 4 scrolls of enchant armour
 P - a scroll of brand weapon {unknown}
 R - a scroll of enchant weapon {unknown}
Potions
 c - a potion of ambrosia
 f - 3 potions of curing
 h - a potion of enlightenment {unknown}
 k - 2 potions of heal wounds
 o - 2 potions of mutation {unknown}
 p - 3 potions of might
 u - 3 potions of haste
 z - 4 potions of lignification
 B - 2 potions of resistance {unknown}
 D - 2 potions of attraction {unknown}
 G - 2 potions of invisibility {unknown}


   Skills:
 + Level 10.9 Fighting
 * Level 13.3 Axes
 + Level 9.5 Armour
 - Level 5.0 Dodging
 - Level 2.0 Invocations


You had 11 spell levels left.
You didn't know any spells.
Your spell library contained the following spells:

 Spells                   Type           Power      Damage    Failure   Level
 Static Discharge         Conj/Air       0%         3-3/arc   100%        2
 Airstrike                Air            0%         2d(0-16)  100%        4
 Olgreb's Toxic Radiance  Alch           0%         N/A       100%        4
 Summon Lightning Spire   Summ/Air       0%         N/A       100%        4
 Ozocubu's Refrigeration  Ice            0%         4d7       100%        7
 Discord                  Hex            0%         N/A       100%        8


Dungeon Overview and Level Annotations

Branches:
Dungeon (13/15) Zot: 25676  Temple (1/1) D:4 Zot: 5988    Lair (0/5) D:11
    Orc (0/2) D:12
 Vaults: D:13-14

Altars:
Ashenzari
Cheibriados
Dithmenos
Elyvilon
Fedhas
Gozag
Hepliaklqana
Kikubaaqudgha
Makhleb
Nemelex Xobeh
Okawaru
Qazlal
Ru
Sif Muna
Trog
Uskayaw
Vehumet
Wu Jian
Xom
Yredelemnul
Zin
The Shining One

Shops:
D:8 *

Portals:
Trove: D:11 (give 12 potions of heal wounds)

Annotations:
D:7 Joseph


Innate Abilities, Weirdness & Mutations

You are immune to sickness and miasma.
Your stone body is resilient. (AC +8)
You are immune to poison.
You resist negative energy. (rN+)
You are resistant to electric shocks. (rElec)
You are resistant to unholy torment.
You are immune to petrification.


Message History

Aiming: Throw Flame
Press: ? - help, Shift-Dir - straight line, f - centaur warrior simulacrum
Aim: a centaur warrior simulacrum (haloed, 98% to hit)
The puff of flame hits the centaur warrior simulacrum.
The centaur warrior simulacrum melts!
The centaur warrior simulacrum is lightly damaged.
Cleave: a) +3 war axe
Press: ? - help, Dir - move target, f/p - centaur warrior simulacrum
Aim: a centaur warrior simulacrum (lightly damaged, haloed, about 3% to evade your +3 war axe)
You slash the centaur warrior simulacrum!
The centaur warrior simulacrum is moderately damaged.
The centaur warrior simulacrum hits you.
The centaur warrior simulacrum freezes you!
You resist.
The centaur warrior simulacrum kicks you but does no damage.
Cleave: a) +3 war axe
Press: ? - help, Dir - move target, f/p - centaur warrior simulacrum
Aim: a centaur warrior simulacrum (moderately damaged, haloed, about 3% to evade your +3 war axe)
You slash the centaur warrior simulacrum!
The centaur warrior simulacrum is almost destroyed.
The centaur warrior simulacrum hits you but does no damage.
The centaur warrior simulacrum kicks you but does no damage.
Cleave: a) +3 war axe
Press: ? - help, Dir - move target, f/p - centaur warrior simulacrum
Aim: a centaur warrior simulacrum (almost destroyed, haloed, about 3% to evade your +3 war axe)
You hit the centaur warrior simulacrum.
The centaur warrior simulacrum is almost destroyed.
The centaur warrior simulacrum hits you!
* * * LOW HITPOINT WARNING * * *
The centaur warrior simulacrum freezes you!
You resist.
* * * LOW HITPOINT WARNING * * *
The centaur warrior simulacrum kicks you but does no damage.
Cleave: a) +3 war axe
Press: ? - help, Dir - move target, f/p - centaur warrior simulacrum
Aim: a centaur warrior simulacrum (almost destroyed, haloed, about 3% to evade your +3 war axe)
You slash the centaur warrior simulacrum!
The centaur warrior simulacrum vaporises!
The Shining One accepts your kill.
You feel better.
Throw: 83 stones
Press: ? - help, Q - select action, (/) - cycle Shift-Dir - straight line, f - white imp
Aim: a white imp (haloed, 81% to hit)
You throw a stone. The stone hits the white imp.
The white imp is lightly wounded.
The ufetubus slips past you!
The ufetubus hits you but does no damage. x2
Cleave: a) +3 war axe
Press: ? - help, Dir - move target, f/p - white imp
Aim: a white imp (lightly wounded, haloed, about 15% to evade your +3 war axe)
You barely miss the white imp.
The white imp is lightly wounded.
You closely miss the ufetubus.
The ufetubus hits you but does no damage. x2
The white imp hits you.
* * * LOW HITPOINT WARNING * * *
The white imp freezes you. You resist.
* * * LOW HITPOINT WARNING * * *
Cleave: a) +3 war axe
Press: ? - help, Dir - move target, f/p - white imp
Aim: a white imp (lightly wounded, haloed, about 15% to evade your +3 war axe)
You slash the white imp!
The white imp is almost dead.
You barely miss the ufetubus. The ufetubus misses you.
The ufetubus hits you but does no damage.
The white imp hits you but does no damage.
Cleave: a) +3 war axe
Press: ? - help, Dir - move target, f/p - white imp
Aim: a white imp (almost dead, haloed, about 15% to evade your +3 war axe)
You slash the white imp!
You kill the white imp!
The Shining One accepts your kill.
You feel better.
You hit the ufetubus but do no damage.
The ufetubus hits you but does no damage. x2
The ufetubus barely misses you.
The ufetubus hits you but does no damage.
Cleave: a) +3 war axe
Press: ? - help, Dir - move target, f - ufetubus
Aim: an ufetubus (haloed, about 28% to evade your +3 war axe)
You completely miss the ufetubus.
The ufetubus hits you but does no damage. x2
Cleave: a) +3 war axe
Press: ? - help, Dir - move target, f/p - ufetubus
Aim: an ufetubus (haloed, about 28% to evade your +3 war axe)
You closely miss the ufetubus.
The ufetubus hits you but does no damage.
The ufetubus hits you.
Cleave: a) +3 war axe
Press: ? - help, Dir - move target, f/p - ufetubus
Aim: an ufetubus (haloed, about 28% to evade your +3 war axe)
You slash the ufetubus!
You kill the ufetubus!
The Shining One accepts your kill.
Cleave: a) +3 war axe
Press: ? - help, Dir - move target, f - you
Okay, then.
M - 4 scrolls of enchant armour (gained 1) 2 howler monkeys come into view.
The howler monkey howls! x2; You hear a howl!
A howler monkey comes into view.
A howler monkey comes into view.
The howler monkey hoots and howls with incredible vigour! x3
The howler monkey hoots and howls with incredible vigour!
A howler monkey comes into view.
You hear a bellow! x4
The howler monkey howls!
The howler monkey hoots and howls with incredible vigour!
You hit the howler monkey.
The howler monkey is moderately wounded.
The howler monkey closely misses you.
You slash the howler monkey!
You kill the howler monkey!
The howler monkey hoots and howls with incredible vigour!
You hear a shout!
You hear a bellow!
The howler monkey completely misses you.
The howler monkey misses you.
You slice the howler monkey!!
You kill the howler monkey!
The howler monkey hoots and howls with incredible vigour!
You hear a bellow! x2
You slice the howler monkey!!
You kill the howler monkey!
You closely miss the howler monkey.
The howler monkey hits you but does no damage.
You closely miss the howler monkey. You hit the howler monkey.
The howler monkey hoots and howls with incredible vigour!
The howler monkey hits you but does no damage.
You slash the howler monkey!
The howler monkey is almost dead.
You closely miss the howler monkey. The howler monkey barely misses you.
The howler monkey hits you but does no damage.
You barely miss the howler monkey.
The howler monkey is almost dead.
You slash the howler monkey!
The howler monkey hits you but does no damage.
The howler monkey hoots and howls with incredible vigour!
You slash the howler monkey!
You kill the howler monkey!
You barely miss the howler monkey.
The howler monkey hits you but does no damage.
You hit the howler monkey.
The howler monkey is heavily wounded.
The howler monkey hits you but does no damage.
You slice the howler monkey!!
You kill the howler monkey!
No target in view!
No target in view!
A yak comes into view. x2
You see here a howler monkey corpse.
You slash the yak!
The yak is moderately wounded.
You hit the yak.
The yak is moderately wounded.
The yak gores you but does no damage.
You slice the yak!!
The yak is almost dead.
The yak gores you!
You completely miss the yak.
The yak is almost dead.
The yak completely misses you.
You slash the yak!
You kill the yak!
No target in view!
A yak comes into view.
The yak bellows! x2; You hear a bellow!
A yak comes into view. x2
The yak moves out of view.
You slash the yak!
The yak is moderately wounded.
The yak attacks as it pursues you! The yak completely misses you.
You slash the yak!
The yak is heavily wounded.
You slash the yak!
The yak is almost dead.
The yak gores you but does no damage.
You slice the yak!!
You kill the yak!
You hit the yak.
The yak is lightly wounded.
The yak completely misses you.
You slash the yak!
The yak is moderately wounded.
The yak gores you but does no damage.
The yak bellows!
You hit the yak.
The yak is moderately wounded.
You hear a bellow!
The yak gores you but does no damage.
A yak comes into view.
You hit the yak.
The yak is heavily wounded.
The yak gores you!
You slash the yak!
The yak is almost dead.
You hit the yak. The yak gores you.
* * * LOW HITPOINT WARNING * * *
The yak gores you but does no damage.
You slash the yak!
You kill the yak!
You slash the yak!
Your shield is strengthened by the Shining One's divine power.
The yak gores you.
* * * LOW HITPOINT WARNING * * *
You hit the yak.
The yak is heavily wounded.
The yak gores you but does no damage.
You slash the yak!
The yak is severely wounded.
The yak gores you but does no damage.
You slash the yak!
The yak is almost dead.
You hit the yak. The yak gores you but does no damage. The yak gores you!
* * * LOW HITPOINT WARNING * * *
You slash the yak!
You kill the yak!
You hit the yak. The yak gores you but does no damage.
You slash the yak!
The yak is heavily wounded.
You hit the yak. The yak gores you but does no damage. The yak gores you.
* * * LOW HITPOINT WARNING * * *
You barely miss the yak.
The yak is heavily wounded.
You slash the yak! The yak barely misses you.
The yak gores you but does no damage.
You slash the yak!
You kill the yak!
You slash the yak! You completely miss the yak.
The yak is severely wounded.
The yak gores you but does no damage.
You hit the yak.
The yak is almost dead.
The yak barely misses you.
You hit the yak.
The yak is almost dead.
The yak closely misses you.
You barely miss the yak.
The yak is almost dead.
The yak barely misses you.
You hit the yak.
You kill the yak!
Things that are here:
a yak corpse; a yak corpse
Found a scroll of identify.
Found 23 gold pieces.
Found 10 gold pieces.
T - a scroll of identify
As you read the scroll of identify, it crumbles to dust.
z - 4 potions of lignification You now have 672 gold pieces (gained 23).
You now have 682 gold pieces (gained 10).
Your divine shield fades away.
You open the door.
A vault guard comes into view. It is wielding a +1 great mace.
The vault guard shouts!
The vault guard moves out of view.
Found a portal to a secret trove of treasure.
There is an open door here.
Press: ? - help, v - describe, . - travel
Here: a vault guard, wielding a +1 great mace and wearing a +0 plate armour A portal to a secret trove of treasure.
Unknown command.
Aiming: Polymorph
Press: ? - help, Shift-Dir - straight line, f - vault guard
Aim: a vault guard, wielding a +1 great mace and wearing a +0 plate armour (will become a quicksilver ooze, a torpor snail, or a jorogumo, chance to affect: 17%)
Okay, then.
Unknown command.
Okay, then.
Unknown command.
Okay, then.
Unknown command.
Okay, then.
Unknown command.
Press: ? - help, v - describe, . - travel An open door.
This square is lit by a halo.
You are illuminated by a divine halo.
You are acrobatic and have increased evasion.
You are glowing.
Your movement speed is average.
Your attack delay is about 0.8.
Your damage rating with your +3 war axe is about 23 (Base 11 x 122% (Str) x 148% (Skill) + 3 (Ench)).
Your base attributes are Str 19, Int 12, Dex 12.
Unknown command.
Press: ? - help, v - describe, . - travel
Here: a vault guard, wielding a +1 great mace and wearing a +0 plate armour A portal to a secret trove of treasure.
Unknown command.
A vault guard is nearby!
A vault guard is nearby!
There is a stone staircase leading up here.
You climb upwards.
There is a stone staircase leading down here.
You have 682 gold pieces.
x - 22 poisoned darts (gained 2)
What are your orders? t - Shout!
Orders for allies: a - Attack new target. r - Retreat! s - Stop attacking. g - Guard the area. f - Follow me.
Anything else - Cancel.
You shout for attention!
There is a stone staircase leading down here.
You climb downwards.
The centaur warrior simulacrum barely misses you.
The centaur warrior simulacrum kicks you.
The centaur warrior simulacrum freezes you!
You resist.
The centaur warrior simulacrum barely misses you.
The centaur warrior simulacrum kicks you but does no damage.
There is a stone staircase leading up, spattered with blood here.
Okay, then.
Cleave: a) +3 war axe
Press: ? - help, Dir - move target, f - centaur warrior simulacrum
Aim: a centaur warrior simulacrum (haloed, about 3% to evade your +3 war axe)
You hit the centaur warrior simulacrum but do no damage.
The centaur warrior simulacrum barely misses you.
The centaur warrior simulacrum kicks you but does no damage.
Cleave: a) +3 war axe
Press: ? - help, Dir - move target, f/p - centaur warrior simulacrum
Aim: a centaur warrior simulacrum (haloed, about 3% to evade your +3 war axe)
You hit the centaur warrior simulacrum.
The centaur warrior simulacrum is lightly damaged.
The centaur warrior simulacrum hits you but does no damage.
The centaur warrior simulacrum completely misses you.
Cleave: a) +3 war axe
Press: ? - help, Dir - move target, f/p - centaur warrior simulacrum
Aim: a centaur warrior simulacrum (lightly damaged, haloed, about 3% to evade your +3 war axe)
You slice the centaur warrior simulacrum!!
The centaur warrior simulacrum vaporises!
The Shining One accepts your kill.
You feel better.
Found 3 stones.
i - 85 stones (gained 3)
An ice beast comes into view.
The ice beast completely misses you.
You hit the ice beast but do no damage.
The ice beast hits you but does no damage.
You slash the ice beast!
The ice beast is moderately wounded.
The ice beast hits you but does no damage.
You barely miss the ice beast.
The ice beast is moderately wounded.
The ice beast hits you. The ice beast freezes you! You resist.
You slash the ice beast!
The ice beast is severely wounded.
The ice beast hits you but does no damage.
You hit the ice beast.
The ice beast is severely wounded.
The ice beast hits you but does no damage.
You slash the ice beast!
You kill the ice beast!
A rat comes into view.
The rat squeaks loudly.
A water elemental comes into view.
The rat bites you but does no damage.
You hit the rat.
You kill the rat!
Throw: 85 stones
Press: ? - help, Q - select action, (/) - cycle Shift-Dir - straight line, f - water elemental
Aim: a water elemental (haloed, 90% to hit)
You throw a stone.
The stone hits the water elemental but does no damage.
Throw: 84 stones
Press: ? - help, Q - select action, (/) - cycle Shift-Dir - straight line, f/p - water elemental
Aim: a water elemental (haloed, 90% to hit)
You throw a stone.
The stone barely misses the water elemental.
Throw: 83 stones
Press: ? - help, Q - select action, (/) - cycle Shift-Dir - straight line, f/p - water elemental
Aim: a water elemental (haloed, 90% to hit)
You throw a stone.
The stone barely misses the water elemental.
You slash the water elemental!
The water elemental is moderately damaged.
The water elemental hits you.
The water elemental engulfs you in water!
You slash the water elemental!
The water elemental is severely damaged.
The water elemental hits you.
You hit the water elemental.
The water elemental is severely damaged.
You slash the water elemental!
You destroy the water elemental!
The water engulfing you falls away.
A two-headed ogre comes into view.
It is wielding two +0 giant spiked clubs.
The two-headed ogre shouts in stereo!
Throw: 22 darts (poison)
Press: ? - help, Shift-Dir - straight line, f - two-headed ogre
Aim: a two-headed ogre, wielding two +0 giant spiked clubs (haloed, 94% to hit)
You throw a poisoned dart.
The poisoned dart hits the two-headed ogre.
The two-headed ogre is poisoned.
Your shield is strengthened by the Shining One's divine power.
Your +2 whip of venom begins to drip with poison!
y - a +2 whip of venom (weapon)
Hit: y) +2 whip (venom)
Press: ? - help, Dir - move target, f/p - two-headed ogre
Aim: a two-headed ogre, wielding two +0 giant spiked clubs (lightly wounded, poisoned, haloed, about 6% to evade your +2 whip of venom)
You hit the two-headed ogre.
The two-headed ogre looks even sicker.
The two-headed ogre is lightly wounded.
The two-headed ogre hits you but does no damage.
The two-headed ogre barely misses you.
Hit: y) +2 whip (venom)
Press: ? - help, Dir - move target, f/p - two-headed ogre
Aim: a two-headed ogre, wielding two +0 giant spiked clubs (lightly wounded, very poisoned, haloed, about 6% to evade your +2 whip of venom)
You hit the two-headed ogre.
The two-headed ogre looks as sick as possible!
The two-headed ogre is lightly wounded.
Your +2 whip of venom stops dripping with poison.
a - a +3 war axe (weapon)
The two-headed ogre hits you with a +0 giant spiked club!
The two-headed ogre barely misses you.
Cleave: a) +3 war axe
Press: ? - help, Dir - move target, f/p - two-headed ogre
Aim: a two-headed ogre, wielding two +0 giant spiked clubs (lightly wounded, extremely poisoned, haloed, about 5% to evade your +3 war axe)
You hit the two-headed ogre.
The two-headed ogre is moderately wounded.
Cleave: a) +3 war axe
Press: ? - help, Dir - move target, f/p - two-headed ogre
Aim: a two-headed ogre, wielding two +0 giant spiked clubs (moderately wounded, extremely poisoned, haloed, about 5% to evade your +3 war axe)
You hit the two-headed ogre but do no damage.
The two-headed ogre is moderately wounded.
The two-headed ogre hits you with a +0 giant spiked club!!
* * * LOW HITPOINT WARNING * * *
The two-headed ogre hits you with a +0 giant spiked club!
* * * LOW HITPOINT WARNING * * *
Cleave: a) +3 war axe
Press: ? - help, Dir - move target, f/p - two-headed ogre
Aim: a two-headed ogre, wielding two +0 giant spiked clubs (moderately wounded, extremely poisoned, haloed, about 5% to evade your +3 war axe)
You hit the two-headed ogre.
The two-headed ogre is moderately wounded.
Cleave: a) +3 war axe
Press: ? - help, Dir - move target, f/p - two-headed ogre
Aim: a two-headed ogre, wielding two +0 giant spiked clubs (moderately wounded, extremely poisoned, haloed, about 5% to evade your +3 war axe)
You slash the two-headed ogre!
The two-headed ogre is heavily wounded.
The two-headed ogre hits you with a +0 giant spiked club.
* * * LOW HITPOINT WARNING * * *
The two-headed ogre hits you but does no damage.
Cleave: a) +3 war axe
Press: ? - help, Dir - move target, f/p - two-headed ogre
Aim: a two-headed ogre, wielding two +0 giant spiked clubs (heavily wounded, extremely poisoned, haloed, about 5% to evade your +3 war axe)
You slash the two-headed ogre!
The two-headed ogre is severely wounded.
Cleave: a) +3 war axe
Press: ? - help, Dir - move target, f/p - two-headed ogre
Aim: a two-headed ogre, wielding two +0 giant spiked clubs (severely wounded, very poisoned, haloed, about 5% to evade your +3 war axe)
You slash the two-headed ogre!
You kill the two-headed ogre!
Things that are here:
a +0 giant spiked club; a +0 giant spiked club
x - 22 poisoned darts (gained 1)
Found 14 gold pieces.
Found a scroll of vulnerability.
You now have 696 gold pieces (gained 14).
t - 3 scrolls of vulnerability (gained 1)
Your divine shield fades away.
Found 7 stones.
Found 11 gold pieces.
Found a staircase to the Lair.
The death yak bellows!
You hear a bellow!
Throw: 22 darts (poison)
Press: ? - help, Shift-Dir - straight line, f - death yak
Aim: a death yak (81% to hit)
You throw a poisoned dart.
The poisoned dart barely misses the death yak.
Throw: 21 darts (poison)
Press: ? - help, Shift-Dir - straight line, f/p - death yak
Aim: a death yak (haloed, 97% to hit)
You throw a poisoned dart. The poisoned dart hits the death yak.
Throw: 20 darts (poison)
Press: ? - help, Shift-Dir - straight line, f/p - death yak
Aim: a death yak (haloed, 97% to hit)
You throw a poisoned dart. The poisoned dart hits the death yak.
Things that are here:
a +0 mace; a +0 chain mail; a +0 long sword The vault guard shouts!
Throw: 19 darts (poison)
Press: ? - help, Shift-Dir - straight line, f - you
Okay, then.
An ice beast comes into view.
There is a stone staircase leading down here.
You climb downwards.
There is a stone staircase leading up here.
There is an open door here.
There is an open door here.
Found 16 gold pieces.
You now have 712 gold pieces (gained 16).
You open the door.
There is an open door here.
There is a stone staircase leading down here.
You open the door.
Found 4 stones.
There is an open door here.
You open the door.
There is an open door here.
There is an open door here.
You open the door.
There is an open door here.
Are you sure you want to abandon this character and quit the game? (Confirm with "yes".)

.#..............#......#......#..
.#..............#......#......#..
.#..............#......'......#..
##..............#####..#......#..
.).....########.....#..##.....#..
.......#......#.)...#...#.....#..
.......#......'.....#...#.....'..
.......#......#...).#...#.....#..
.......#..#####.@.<.###'#.....#..
....#### ##..[.......##'####
....# #..........#...... ....#
#..........#...... ....#
#..........#...... ....#
#..........#.##... ##...
##'############... #..........#
#.... #..........# #....


There were no monsters in sight!

Vanquished Creatures
  Erolcha (D:12)
  2 two-headed ogres
  Nergalle (D:12)
  Pikel (D:9)
  2 cyclopes
  2 guardian serpents (D:12)
  2 unseen horrors
  Psyche (D:9)
  A kobold demonologist (D:9)
  A polar bear (D:11)
  A troll (D:10)
  A hornet (D:11)
  2 centaur simulacra (D:11)
  5 wraiths
  2 wyverns (D:8)
  A water elemental (D:11)
  26 yaks
  3 steam dragons (D:10)
  3 vampire mosquitoes (D:10)
  3 water moccasins
  5 orc warriors
  3 ice beasts
  5 sky beasts
  2 ogres (D:9)
  2 centaurs
  A phantom (D:6)
  A lemure (D:9)
  2 kobold brigands
  2 bullfrogs
  2 gnoll sergeants (D:9)
  2 scorpions
  10 wights
  5 killer bees (D:10)
  12 howler monkeys
  2 bombardier beetles
  A crimson imp (D:5)
  10 orc priests
  3 hounds (D:9)
  2 gnoll boudas (D:9)
  11 orc wizards
  16 gnolls
  8 adders
  A shadow imp (D:6)
  3 white imps
  An ufetubus (D:11)
  A dart slug (D:2)
  52 orcs
  2 bats
  8 endoplasms
  8 goblins
  9 hobgoblins
  4 jackals (D:2)
  A quokka (D:3)
  7 ball pythons
  2 frilled lizards
  13 kobolds
  4 rats
284 creatures vanquished.

Vanquished Creatures (others)
  A steam dragon (D:10)
1 creature vanquished.

Grand Total: 285 creatures vanquished

Notes
Turn   | Place    | Note
-------+----------+-------------------------------------------
     0 | D:1      | jagoly the Gargoyle Monk began the quest for the Orb.
     0 | D:1      | Reached XP level 1. HP: 14/14 MP: 1/1
   137 | D:1      | Reached XP level 2. HP: 10/19 MP: 2/2
   428 | D:2      | Reached skill level 3 in Axes
   601 | D:2      | Reached skill level 1 in Armour
   639 | D:2      | Reached XP level 3. HP: 23/23 MP: 3/3
   894 | D:3      | Reached XP level 4. HP: 29/29 MP: 4/4
   937 | D:3      | Found a sacrificial altar of Ru.
   937 | D:3      | Found a hide-covered altar of Uskayaw.
   942 | D:3      | Found an ancient bone altar of Kikubaaqudgha.
   944 | D:3      | Found a sparkling altar of Nemelex Xobeh.
   945 | D:3      | Found a shimmering blue altar of Sif Muna.
   971 | D:3      | Found a faded altar of an unknown god.
  1280 | D:5      | Entered Level 5 of the Dungeon
  1419 | D:4      | Reached XP level 5. HP: 28/33 MP: 5/5
  1474 | D:4      | Found a staircase to the Ecumenical Temple.
  1483 | Temple   | Entered the Ecumenical Temple
  1489 | Temple   | Became a worshipper of the Shining One
  1489 | Temple   | Reached * piety under the Shining One
  1489 | Temple   | Reached ** piety under the Shining One
  1606 | D:4      | Reached skill level 4 in Axes
  1718 | D:6      | Noticed a water moccasin
  1724 | D:5      | Killed a water moccasin
  1725 | D:5      | Reached XP level 6. HP: 29/39 MP: 6/6
  1871 | D:7      | Reached skill level 5 in Axes
  1871 | D:7      | Reached XP level 7. HP: 30/44 MP: 7/7
  2023 | D:6      | Reached skill level 5 in Fighting
  2266 | D:5      | Reached skill level 6 in Axes
  2288 | D:5      | Found a burning altar of Makhleb.
  2289 | D:5      | Found a shimmering altar of Xom.
  2306 | D:5      | Reached XP level 8. HP: 43/51 MP: 8/8
  2756 | D:8      | Reached skill level 5 in Armour
  2786 | D:9      | Noticed a kobold demonologist
  2793 | D:9      | Killed a kobold demonologist
  2793 | D:9      | Reached *** piety under the Shining One
  2794 | D:9      | Reached skill level 7 in Axes
  2832 | D:9      | Noticed Psyche
  2910 | D:8      | Found Bonkiz's Assorted Antiques.
  2914 | D:8      | Noticed a wyvern
  2914 | D:8      | Noticed a wyvern
  2930 | D:8      | Killed a wyvern
  2931 | D:8      | Reached XP level 9. HP: 42/57 MP: 5/9
  2937 | D:8      | Reached skill level 8 in Axes
  2944 | D:8      | Bought a scroll labelled RIGEUN VASY for 18 gold pieces
  2944 | D:8      | Bought a clear potion for 16 gold pieces
  2944 | D:8      | Bought a scroll labelled ECHISUVA IGAPEDE for 18 gold
                  | pieces
  2944 | D:8      | Bought a scroll labelled VUOTERH OVUCK for 18 gold pieces
  2945 | D:8      | Noticed a cyclops
  3073 | D:7      | Noticed Joseph
  3212 | D:8      | Killed a cyclops
  3529 | D:7      | Reached skill level 9 in Axes
  3717 | D:9      | Reached skill level 10 in Axes
  3717 | D:9      | Reached XP level 10. HP: 51/64 MP: 10/10
  3726 | D:9      | Reached skill level 1 in Invocations
  3760 | D:10     | Entered Level 10 of the Dungeon
  3776 | D:9      | Noticed Pikel
  3790 | D:9      | Killed Pikel
  3964 | D:9      | Killed Psyche
  4344 | D:9      | Reached skill level 11 in Axes
  4583 | D:10     | Noticed an unseen horror
  4589 | D:10     | Killed an unseen horror
  4740 | D:10     | Reached XP level 11. HP: 41/71 MP: 12/12
  4888 | D:10     | Reached **** piety under the Shining One
  4962 | D:10     | HP: 2/71 [yak (8)]
  5141 | D:10     | HP: 2/71 [yak (6)]
  5330 | D:10     | Reached skill level 5 in Dodging
  5395 | D:10     | Reached skill level 12 in Axes
  5541 | D:10     | Found a shadowy altar of Dithmenos.
  5724 | D:11     | Noticed a death yak
  5724 | D:11     | Noticed a death yak
  5935 | D:12     | Reached skill level 10 in Fighting
  6303 | D:12     | Noticed a two-headed ogre
  6318 | D:12     | Killed a two-headed ogre
  6355 | D:12     | Noticed a cyclops
  6360 | D:12     | Killed a cyclops
  6470 | D:12     | Reached XP level 12. HP: 63/77 MP: 13/13
  6515 | D:12     | Found a staircase to the Orcish Mines.
  6521 | D:12     | Noticed Erolcha
  6543 | D:12     | Killed Erolcha
  6590 | D:12     | Noticed Nergalle
  6624 | D:12     | Killed Nergalle
  6625 | D:12     | Reached skill level 13 in Axes
  6857 | D:11     | Found a portal to a secret trove of treasure.
  6858 | D:11     | Noticed a vault guard
  6986 | D:11     | Noticed a two-headed ogre
  6998 | D:11     | Killed a two-headed ogre
  7055 | D:11     | Found a staircase to the Lair.
  7186 | D:12     | Quit the game

Illustrated notes

Levels and vault maps discovered:
D:1:      psy_arrival_basics, layout_loops_ring
D:2:      layout_loops_cross
D:3:      layout_basic, chequers_temple_overflow_minitemple,
          hellmonk_ecumenical_altar_pennies_from_heaven, hangedman_decor_points
D:4:      layout_loops_corners, minmay_temple_entry_glassed_door
D:5:      layout_loops_cross, grunt_temple_overflow_champion_of_chaos,
          minivault_23, nrook_mini_vaults
D:6:      layout_loops_ring, serial_co_window_serial, co_window_paths_a,
          co_window_paths_b, co_window_paths_a, co_window_corner_a,
          co_window_corner_a, co_window_corner_ca, co_window_2corner,
          co_window_unsneaky_path_b, co_window_broadway_a, co_window_broadway_a,
          co_window_corner_b, co_window_broadway_a, co_window_paths_d,
          co_window_4corner_a, glass_columns_a, glass_columns_b
D:7:      layout_gridville, uniq_maggie, uniq_joseph, uniq_prince_ribbit1
D:8:      layout_cave_pools, serial_shops, shop
D:9:      kennysheep_housing_project, layout_basic, uniq_pikel, uniq_psyche
D:10:     kennysheep_steamy, layout_irregular_city, lemuel_crystal_altar,
          hangedman_misty_isle
D:11:     layout_cave_pods, dpeg_lair_monsters, enter_trove_5, serial_shops,
          nicolae_shop_hallway_plus, serial_ice, serial_ice_e, serial_ice_l,
          serial_ice_o, serial_ice_h, minivault_16
D:12:     nrook_guardian_serpent_snake_passage, layout_gridville,
          hiddenorc1_lemuel, kennysheep_generic_room_16, uniq_nergalle,
          uniq_erolcha
D:13:     layout_roguey, uniq_frances
Temple:   nicolae_temple_ecumenical_triangle

Skill      XL: |  1  2  3  4  5  6  7  8  9 10 11 12 |
---------------+-------------------------------------+-----
Axes           | 3 4 5 6 7 10 11 12 13 | 13.3
Armour         | 1 3 4 5 6 7 8 9 |  9.5
Dodging        | 3 4 5 |  5.0
Fighting       | 4 5 7 8 9 10 | 10.9
Invocations    | 2 |  2.0

Action                     |  1- 3 |  4- 6 |  7- 9 | 10-12 || total
---------------------------+-------+-------+-------+-------++-------
  Melee: Hand axe          |    84 |    76 |       |       ||   160
         War axe           |       |    53 |   188 |   511 ||   752
         Unarmed           |       |       |    16 |       ||    16
         Whip              |       |       |     2 |    50 ||    52
   Fire: Sling             |       |     6 |    39 |     8 ||    53
  Throw: Dart              |       |     1 |       |    33 ||    34
         Throwing net      |       |       |     1 |       ||     1
         Stone             |       |       |       |     5 ||     5
         Boomerang         |       |       |       |     7 ||     7
         Javelin           |       |       |       |     1 ||     1
 Invoke: Divine Shield     |       |       |     2 |     6 ||     8
  Evoke: Wand              |       |       |     4 |     4 ||     8
    Use: Scroll            |       |       |     9 |     6 ||    15
         Potion            |       |       |     1 |       ||     1
 Armour: Plate armour      |    84 |   119 |   222 |   548 ||   973
         Robe              |     1 |       |       |       ||     1
         Skin              |       |       |     7 |       ||     7
  Dodge: Dodged            |    32 |    39 |    64 |   223 ||   358
